Map: Dreamcatcher LE

Players

soO - Winner!

  • Race: Zerg Zerg
  • League: Master
  • Spawn Location: 5:00

Solar

  • Race: Zerg Zerg
  • League: Diamond
  • Spawn Location: 11:00

Event: HomeStory Cup XVII

VOD

Have the link to the VOD?

Description

Time

  • Played on: July 1, 2018, 9:40 a.m.
  • Length: 7:11

All games in this series

Show
View Real Time Build Order
Export as new Build Order

soO Zerg - Winner!

Build Orders: Pool First 

Get SALT Encoding   

  12  0:17  Spawning Pool  
  11  0:22  Drone  
  11  0:26  Drone  
  13  0:31  Drone  
  14  0:40  Overlord  
  14  1:03  Zergling x4  
  16  1:05  Zergling x2  
  17  1:15  Zergling x2  
  18  1:18  Hatchery  
  17  1:26  Zergling x2  
  18  1:34  Queen  
  18  1:38  Zergling x2  
  21  1:48  Overlord  
  21  1:58  Drone  
  22  2:09  Queen, Drone  
  25  2:20  Drone  
  21  2:32  Queen  
  21  2:35  Drone  
  24  2:39  Drone  
  24  2:43  Drone  
  26  2:45  Queen  
  26  2:47  Drone  
  29  2:55  Drone x2  
  31  3:02  Overlord  
  31  3:07  Drone x3  
  34  3:12  Overlord  
  34  3:23  Drone x2  
  34  3:25  Extractor x2  
  34  3:26  Drone  
  34  3:27  Drone  
  36  3:31  Drone x2  
  36  3:32  Drone  
  39  3:39  Drone  
  40  3:44  Drone  
  42  3:48  Drone  
  42  3:51  Drone x2  
  44  3:57  Overlord  
  44  4:06  Evolution Chamber  
  44  4:07  Drone  
  44  4:09  Drone  
  44  4:10  Lair, Roach Warren  
  44  4:15  Drone  
  44  4:16  Drone  
  45  4:22  Drone  
  46  4:29  Drone, Hatchery, Extractor  
  46  4:30  Drone  
  46  4:37  Drone  
  47  4:40  Zerg Missile Weapons Level 1  
  47  4:46  Drone x3  
  47  4:47  Overlord  
  47  4:52  Overlord  
  50  4:59  Roach  
  52  5:01  Overlord  
  52  5:03  Overlord  
  52  5:09  Roach x2, Glial Reconstitution  
  52  5:10  Roach  
  52  5:11  Overseer  
  58  5:14  Roach  
  58  5:20  Roach x2  
  64  5:22  Overlord  
  64  5:25  Roach  
  66  5:29  Roach x2  
  66  5:35  Roach x2  
  74  5:38  Overlord  
  74  5:42  Roach x2  
  78  5:47  Roach x2  
  82  5:52  Roach x2  
  86  5:57  Roach x2  
  90  6:07  Roach x3  
  90  6:09  Overlord  
  96  6:15  Roach x3  
  102  6:22  Overlord  
  102  6:23  Overlord  
  102  6:26  Roach  
  102  6:27  Roach  
  102  6:29  Roach  
  108  6:33  Roach  
  108  6:34  Roach  
  112  6:42  Roach  
  112  6:43  Roach x2  
  118  6:47  Roach x2  
  118  6:50  Roach  
Show
View Real Time Build Order
Export as new Build Order

Solar Zerg 

Build Orders: Hatch First 

Get SALT Encoding   

  12  0:01  Drone  
  13  0:12  Overlord  
  13  0:16  Drone  
  14  0:30  Drone  
  14  0:31  Drone  
  16  0:49  Hatchery  
  15  0:51  Drone  
  15  0:54  Drone  
  17  1:00  Drone  
  18  1:13  Spawning Pool  
  18  1:15  Drone  
  18  1:18  Drone  
  19  1:34  Drone  
  19  1:39  Overlord  
  20  2:00  Queen, Zergling x4  
  25  2:01  Queen, Zergling x2  
  27  2:12  Zergling x4  
  29  2:21  Zergling x2  
  28  2:24  Zergling x2  
  24  2:31  Drone  
  24  2:38  Drone  
  24  2:43  Drone  
  26  2:46  Drone  
  27  2:54  Drone  
  27  2:56  Overlord  
  28  3:04  Drone  
  28  3:05  Drone  
  29  3:07  Drone  
  29  3:08  Drone  
  29  3:12  Drone  
  32  3:14  Drone  
  32  3:17  Drone  
  32  3:19  Drone  
  35  3:22  Drone  
  35  3:25  Drone  
  37  3:28  Extractor  
  37  3:29  Extractor  
  37  3:31  Drone x2  
  37  3:37  Overlord  
  37  3:42  Drone  
  38  3:49  Drone  
  38  3:53  Drone  
  39  3:57  Drone x3  
  39  3:59  Drone  
  43  4:06  Spore Crawler  
  43  4:08  Drone  
  44  4:13  Drone x3  
  44  4:14  Lair, Drone  
  44  4:16  Overlord  
  48  4:18  Evolution Chamber  
  48  4:22  Drone  
  48  4:26  Drone x3  
  48  4:29  Extractor  
  50  4:31  Roach Warren  
  50  4:35  Drone  
  49  4:49  Hatchery  
  49  4:50  Zerg Missile Weapons Level 1  
  48  4:55  Overlord  
  48  5:13  Roach x5, Glial Reconstitution  
  58  5:17  Roach x2  
  58  5:21  Overlord, Roach x3  
  67  5:27  Overlord  
  67  5:28  Overlord  
  67  5:30  Overseer  
  67  5:33  Overlord  
  67  5:37  Overlord  
  67  5:41  Overlord  
  67  5:45  Overlord  
  67  5:47  Drone x2  
  69  5:55  Roach  
  71  5:59  Drone x2  
  71  6:01  Queen  
  71  6:02  Drone  
  76  6:05  Overlord  
  76  6:06  Drone x3  
  76  6:10  Overseer  
  79  6:12  Extractor  
  79  6:13  Roach  
  79  6:14  Roach x2  
  84  6:21  Roach x2  
  90  6:25  Roach  
  90  6:26  Roach x2  
  93  6:33  Overlord  
  93  6:36  Roach x4  
  101  6:41  Overlord  
  101  6:43  Roach  
  101  6:45  Roach  
  105  6:49  Roach x2  
Tags
 
Add a new tag
Caveats
  • Supply blocks, unpowered buildings, or Contaminate may cause inaccurate times.
  • Supply counts are checked every 10 seconds.